 Dungeon Crawl Stone Soup version 0.32-a0-791-gfc315c9ecd (webtiles) character file.

Game seed: 14545313943986103643

3619 ezpacito the Chopper (level 10, -2/73 (76) HPs)
             Began as a Coglin Chaos Knight on Mar 20, 2024.
             Was a Plaything of Xom.
             Slain by an orc warrior
             ... wielding a +0 war axe
              (12 damage)
             ... on level 9 of the Dungeon.
             The game lasted 00:09:09 (7987 turns).

ezpacito the Chopper (Coglin Chaos Knight)          Turns: 7987, Time: 00:09:09

HP:   -2/73 (76)    AC: 15    Str: 16    XL:     10   Next: 11%
MP:   14/14         EV: 12    Int: 15    God:    Xom [...*..]
Gold: 815           SH:  4    Dex: 13    Spells: 2/15 levels left

rFire   . . .        a - +4 hand axe (chaos) {Xolani}
rCold   . . .        J - +4 flail (protect) {Byeongho}
rNeg    . . .        H - +0 steam dragon scales
rPois   +            (no helmet)
rElec   .            (no cloak)
rCorr   .            z - +0 pair of gloves
SInv    .            j - +0 pair of boots
Will    +....        (amulet unavailable)
Stlth   ++           (ring unavailable)
HPRegen 0.00/turn    (ring unavailable)
MPRegen 0.14/turn    (no gizmo)

%: clarity
@: lethally poisoned (-2 -> -8), under a protective aura, enlightened, flying,
inhibited regen, hasted, lightly drained, revved, very quick
A: off-hand wielding, slow wielding, warmup strikes, no jewellery, large bone
plates 1, clarity, clever 1, poison resistance, inhibited regeneration, subdued
magic 1
a: Invent Gizmo, Renounce Religion


You were on level 9 of the Dungeon.
You worshipped Xom.
You were a favourite toy of Xom.
You visited 2 branches of the dungeon, and saw 10 of its levels.
You also visited: Sewer.

You collected 1057 gold pieces.
You spent 242 gold pieces at shops.

Inventory:

Hand Weapons
 a - a +4 hand axe of chaos (weapon) {Xolani}
 k - a +1 war axe of freezing
 D - a +2 short sword of chaos
 J - a +4 flail of protection (offhand) {Byeongho}
 M - a +0 broad axe
Missiles
 m - 39 poisoned darts (quivered)
 o - a curare-tipped dart
 E - 17 boomerangs
Armour
 j - a +0 pair of boots (worn)
 n - a +0 plate armour
 z - a +0 pair of gloves (worn)
 H - +0 steam dragon scales (worn)
Magical Staves
 L - the staff of Midnight {rF+ Ice Earth}
   (You found it on level 8 of the Dungeon)

   [staff of earth]

   Base accuracy: +5 Base damage: 5 Base attack delay: 1.2 This weapon's minimum
   attack delay (0.6) is reached at skill level 12.
   rF+:       It protects you from fire.
   Ice:       It increases the power of your Ice spells.
   Earth:     It increases the power of your Earth spells.
   It falls into the 'Staves' category.
   It is a one-graspered weapon.
Talismans
 w - a maw talisman
 A - a serpent talisman
Wands
 r - a wand of paralysis (26)
 v - a wand of polymorph (14)
Scrolls
 c - a scroll of enchant armour {unknown}
 d - 2 scrolls of noise
 i - a scroll of identify
 y - 2 scrolls of vulnerability
 B - a scroll of amnesia {unknown}
 F - 3 scrolls of teleportation {unknown}
 I - a scroll of blinking {unknown}
 K - a scroll of fog
Potions
 b - a potion of cancellation {unknown}
 f - a potion of brilliance {unknown}
 g - a potion of mutation
 h - a potion of haste
 l - 2 potions of heal wounds
 p - 2 potions of lignification
 q - a potion of curing
 s - 2 potions of ambrosia
 t - a potion of attraction
 u - a potion of might {unknown}
 x - a potion of enlightenment
 C - a potion of degeneration {unknown}


   Skills:
 * Level 6.1 Fighting
 * Level 6.1(6.6) Axes
 + Level 3.4(5.0) Polearms
 - Level 2.9 Throwing
 * Level 5.3 Armour
 * Level 4.9 Dodging
 + Level 3.2 Stealth
 + Level 3.0 Spellcasting
 + Level 2.9 Necromancy
 + Level 0.7 Translocations
 + Level 4.1 Evocations


You had 2 spell levels left.
You knew the following spells:

 Your Spells              Type           Power      Damage    Failure   Level
a - Fugue of the Fallen   Necr           8%         N/A       16%         3
b - Lesser Beckoning      Tloc           6%         N/A       19%         2
z - Lee's Rapid Deconstr  Erth           0%         3d4*      99%         5
A - Ozocubu's Armour      Ice            1%         N/A       47%         3

Your spell library contained the following spells:

 Spells                   Type           Power      Damage    Failure   Level
 Sandblast                Erth           2%         2d4       17%         1
 Gell's Gravitas          Tloc           3%         N/A       36%         3
 Teleport Other           Tloc           3%         N/A       36%         3
 Manifold Assault         Tloc           3%         N/A       80%         4
 Bombard                  Conj/Erth      0%         9d1       100%        6
 Lehudib's Crystal Spear  Conj/Erth      0%         10d2      100%        8


Dungeon Overview and Level Annotations

Branches:
Dungeon (9/15)             Temple (1/1) D:5           Sewer (visited)
   Lair: D:8-11         Orc: D:9-12

Altars:
Ashenzari
Dithmenos
Elyvilon
Fedhas
Gozag
Hepliaklqana
Kikubaaqudgha
Makhleb
Nemelex Xobeh
Okawaru
Qazlal
Ru
Sif Muna
Trog
Uskayaw
Vehumet
Wu Jian
Xom
Yredelemnul
Zin
The Shining One

Shops:
D:8 (


Innate Abilities, Weirdness & Mutations

You can wield a second weapon in your off-hand.
It takes a long time for you to wield or remove held weapons.
Your first few attacks do less damage.
You cannot equip rings or amulets.
You are partially covered in large bone plates. (SH +4)
You possess an exceptional clarity of mind.
Your mind is acute. (Int +4, Str/Dex -1)
Your system is resistant to poisons. (rPois)
You do not regenerate when monsters are visible.
Your spells are a little easier to cast, but a little less powerful.


Message History

You barely miss the wyvern with your +4 hand axe of chaos.
The wyvern bites you!
You take 11 damage, and have 42/76 hp.
You are too injured to fight recklessly!
You are too injured to fight recklessly!
You are too injured to fight recklessly!
You are too injured to fight recklessly!
You are too injured to fight recklessly!
You feel much better. The wyvern closely misses you.
Your +2 halberd hits the wight from afar!!
The wight is destroyed!
The orc hits you but does no damage.
You are poisoned.
The orc warrior hits you with a +0 war axe!
The wight hits you with a +0 battleaxe! The orc barely misses you.
Your Spellcasting skill increases to level 3!
You regained 9 hp, and now have 51/76 hp.
It was a potion of enlightenment.
You feel very buoyant.
You fly up into the air.
You feel sick. The wyvern completely misses you.
The giant cockroach misses you. The orc misses you.
The orc warrior hits you but does no damage.
The wight barely misses you. You block the wight's attack.
The orc barely misses you. The wyvern bites you.
You take 8 damage, and have 43/76 hp.
It was a potion of mutation.
You feel extremely strange.
You no longer feel vulnerable to cold.
You no longer feel heat resistant.
Your magical essence no longer links to wands of the dungeon.
Your regeneration stops near monsters.
You feel sick.
Your +2 halberd hits the wyvern from afar!!
The wyvern dies!
The giant cockroach bites you but does no damage.
The orc completely misses you.
The wight hits you with a +0 battleaxe!!
* * * LOW HITPOINT WARNING * * *
You feel drained.
* * * LOW HITPOINT WARNING * * *
The orc warrior hits you with a +0 war axe!
You die...

.... #... ... #...
..#...# # .. .....# .##.
... ##....# #.#(.#.....
... ......# #..[.#...#
... ......## #)oz.!.#
...##.#......##.@oh..#..
.....##.#..#...Bzo......
....................#.#.
##........###......D#
......#....##.........#
......#..........$......
#........##.#.#........)
.........#..###.........
............# ......(...


You could see a steam dragon, an orc warrior, a howler monkey, 2 wights, 2 orcs,
a giant cockroach and a friendly +2 halberd.

Vanquished Creatures
  2 trolls (D:9)
  A raiju (D:4)
  A wyvern (D:8)
  2 steam dragons (D:7)
  An orc warrior (D:8)
  2 black bears (D:5)
  2 ogres
  4 centaurs
  A phantom (D:4)
  3 kobold brigands
  A scorpion (D:4)
  3 bullfrogs
  7 wights
  3 killer bees (D:8)
  A bombardier beetle (D:4)
  A hound (D:3)
  6 orc priests
  Jessica (D:3)
  A sleepcap (D:5)
  3 orc wizards
  2 iguanas
  4 gnolls (D:6)
  3 adders
  2 shadow imps
  2 white imps (D:6)
  4 ufetubi
  A ribbon worm (D:2)
  34 orcs
  8 endoplasms
  6 giant cockroaches
  7 goblins
  7 hobgoblins
  6 jackals
  6 quokkas
  16 ball pythons
  5 bats
  7 frilled lizards
  16 kobolds
  6 rats
188 creatures vanquished.

Vanquished Creatures (collateral kills)
  A wyvern (D:9)
  A kobold brigand (Sewer)
  A wight (D:9)
  An adder (Sewer)
  An endoplasm (Sewer)
  A kobold (Sewer)
6 creatures vanquished.

Grand Total: 194 creatures vanquished

Notes
Turn   | Place    | Note
-------+----------+-------------------------------------------
     0 | D:1      | ezpacito the Coglin Chaos Knight began the quest for the
                  | Orb.
     0 | D:1      | Reached XP level 1. HP: 18/18 MP: 1/1
   102 | D:1      | Reached skill level 1 in Dodging
   228 | D:1      | Reached XP level 2. HP: 24/24 MP: 2/2
   338 | D:1      | Found a faded altar of an unknown god.
   511 | D:1      | Reached XP level 3. HP: 29/29 MP: 3/3
   570 | D:1      | XOM: divination: detect items
  1211 | D:2      | XOM: smoke on damage
  1388 | D:2      | Reached XP level 4. HP: 35/35 MP: 4/4
  1847 | D:3      | Noticed Jessica
  1854 | D:3      | Killed Jessica
  1855 | D:3      | Reached skill level 1 in Stealth
  2002 | D:3      | XOM: 2-stop teleportation journey
  2082 | D:3      | Found a glowing drain.
  2086 | D:3      | XOM: give mutations
  2086 | D:3      | Gained mutation: Your flesh is heat resistant. (rF+) [Xom's
                  | grace]
  2086 | D:3      | Gained mutation: You possess an exceptional clarity of
                  | mind. [Xom's grace]
  2094 | Sewer    | Entered a sewer
  2139 | Sewer    | Reached XP level 5. HP: 32/41 MP: 6/6
  2145 | Sewer    | Reached skill level 1 in Spellcasting
  2148 | Sewer    | Noticed a kobold brigand
  2155 | Sewer    | Killed a kobold brigand
  2313 | Sewer    | Noticed a kobold brigand
  2321 | Sewer    | Killed a kobold brigand
  2322 | Sewer    | Reached skill level 1 in Polearms
  2322 | Sewer    | Reached XP level 6. HP: 43/48 MP: 7/7
  2415 | Sewer    | XOM: polymorph river rat -> frilled lizard
  2422 | Sewer    | Reached skill level 1 in Throwing
  2684 | D:3      | XOM: blink monster(s)
  2690 | D:3      | XOM: 5-stop teleportation journey
  2837 | D:3      | XOM: noise
  3355 | D:4      | an iguana changed into a raiju
  3355 | D:4      | Noticed a raiju
  3355 | D:4      | XOM: polymorph iguana -> raiju
  3478 | D:4      | Killed a raiju
  3479 | D:4      | Reached skill level 1 in Evocations
  3479 | D:4      | Reached XP level 7. HP: 54/54 MP: 9/9
  3585 | D:4      | Learned a level 3 spell: Fugue of the Fallen
  3797 | D:4      | Found a bloodstained altar of Trog.
  3812 | D:4      | Found a shimmering altar of Xom.
  3813 | D:4      | Found a shimmering blue altar of Sif Muna.
  3965 | D:4      | XOM: cloud trail
  4016 | D:5      | Entered Level 5 of the Dungeon
  4034 | D:5      | XOM: cleaving
  4057 | D:5      | Reached XP level 8. HP: 18/50 MP: 10/10
  4117 | D:5      | Found a staircase to the Ecumenical Temple.
  4131 | Temple   | Entered the Ecumenical Temple
  4216 | D:5      | Reached skill level 1 in Necromancy
  4284 | D:5      | Got the Directory of the Quarry
  5261 | D:6      | Reached skill level 5 in Axes
  5280 | D:6      | XOM: cloud trail
  5340 | D:6      | Reached skill level 5 in Fighting
  5481 | D:6      | XOM: stat loss: -1 Int (10/11)
  5560 | D:6      | Reached XP level 9. HP: 39/68 MP: 12/12
  5606 | D:6      | XOM: summons 1 hostile shadow creature
  5966 | D:7      | XOM: draining
  6244 | D:7      | XOM: give mutations
  6244 | D:7      | Gained mutation: You have a pair of small horns on your
                  | head. [Xom's mischief]
  6244 | D:7      | Gained mutation: You are vulnerable to cold. (rC-) [Xom's
                  | mischief]
  6244 | D:7      | Gained mutation: Your spells are a little easier to cast,
                  | but a little less powerful. [Xom's mischief]
  6244 | D:7      | Lost mutation: You have a pair of small horns on your head.
                  | [Xom's mischief]
  6369 | D:7      | XOM: noise
  6893 | D:8      | Found Ammaborch's Weapon Shop.
  6893 | D:8      | XOM: 6-stop teleportation journey
  6905 | D:8      | XOM: scenery: summon butterflies
  7074 | D:8      | XOM: draining
  7165 | D:8      | Identified the staff of Midnight {rF+ Ice Earth}
  7181 | D:8      | Learned a level 2 spell: Lesser Beckoning
  7185 | D:8      | Learned a level 3 spell: Ozocubu's Armour
  7191 | D:8      | Learned a level 5 spell: Lee's Rapid Deconstruction
  7309 | D:8      | Bought a +0 broad axe for 44 gold pieces
  7309 | D:8      | Bought 3 boomerangs for 66 gold pieces
  7309 | D:8      | Bought 6 boomerangs for 132 gold pieces
  7344 | D:8      | XOM: chaos upgrade
  7399 | D:8      | Reached skill level 5 in Armour
  7399 | D:8      | XOM: confuse monster(s)
  7666 | D:8      | XOM: give mutations
  7666 | D:8      | Gained mutation: Your system is resistant to poisons.
                  | (rPois) [Xom's grace]
  7666 | D:8      | Gained mutation: You expend magic power (3 MP) to
                  | strengthen your wands. [Xom's grace]
  7666 | D:8      | Gained mutation: You are partially covered in large bone
                  | plates. (SH +4) [Xom's grace]
  7666 | D:8      | Gained mutation: Your mind is acute. (Int +4, Str/Dex -1)
                  | [Xom's grace]
  7672 | D:8      | XOM: god gift: 707 gold pieces
  7896 | D:9      | Noticed a troll
  7897 | D:9      | Noticed a troll
  7906 | D:9      | Killed a troll
  7906 | D:9      | Killed a troll
  7907 | D:9      | Reached XP level 10. HP: 76/76 MP: 14/14
  7978 | D:9      | XOM: polymorph orc warrior -> giant cockroach
  7987 | D:9      | Lost mutation: You are vulnerable to cold. (rC-) [potion of
                  | mutation]
  7987 | D:9      | Lost mutation: Your flesh is heat resistant. (rF+) [potion
                  | of mutation]
  7987 | D:9      | Lost mutation: You expend magic power (3 MP) to strengthen
                  | your wands. [potion of mutation]
  7987 | D:9      | Gained mutation: You do not regenerate when monsters are
                  | visible. [potion of mutation]
  7987 | D:9      | Slain by an orc warrior

Illustrated notes

Levels and vault maps discovered:
D:1:      grunt_arrival_crossed_arrows, layout_loops_corners,
          shapermc_ecumenical_altar_gd
D:2:      layout_loops_corners, minivault_27
D:3:      layout_basic, portal_sewer_entry_a, uniq_jessica
D:4:      layout_cave_pools, minitemple
D:5:      nicolae_cairo_tiling, layout_cave_pools, minmay_temple_entry_glass
D:6:      layout_basic
D:7:      layout_basic
D:8:      layout_basic, serial_shops, nicolae_shop_bloodbath_and_beyond
D:9:      layout_cave_pools
Temple:   eino_narrow_crystal_temple

Skill      XL: |  1  2  3  4  5  6  7  8  9 10 |
---------------+-------------------------------+-----
Dodging        | 1 2 3 4 |  4.9
Armour         | 2 3 4 5 |  5.3
Stealth        | 1 2 3 |  3.2
Spellcasting   | 1 2 3 |  3.0
Polearms       | 1 2 3 |  3.4
Throwing       | 1 2 |  2.9
Axes           | 4 5 6 |  6.1
Fighting       | 4 5 6 |  6.1
Evocations     | 1 2 4 |  4.1
Necromancy     | 1 2 |  2.9
Translocations | |  0.7

Action                     |  1- 3 |  4- 6 |  7- 9 | 10-12 || total
---------------------------+-------+-------+-------+-------++-------
  Melee: Hand axe          |    71 |   105 |   234 |     5 ||   415
         Dagger            |    36 |       |       |       ||    36
         Spear             |    22 |   125 |    94 |       ||   241
         Whip              |       |       |    56 |       ||    56
         Flail             |       |       |    92 |     5 ||    97
    Use: Scroll            |       |    11 |     5 |       ||    16
         Potion            |       |     2 |     5 |     4 ||    11
   Stab: Confused          |       |     2 |     8 |       ||    10
         Paralysed         |       |       |     4 |       ||     4
         Sleeping          |       |       |     2 |       ||     2
 Armour: Leather armour    |     9 |       |       |       ||     9
         Chain mail        |    36 |    80 |   139 |       ||   255
         Skin              |       |     1 |       |       ||     1
         Steam dragon scal |       |       |   101 |    22 ||   123
  Dodge: Dodged            |    25 |    31 |   144 |    20 ||   220
  Block: Other             |       |       |     3 |     2 ||     5

Table legend: (Time is in decaauts)
 A = Elapsed time spent in this place.
 B = Non-inter-level travel time spent in this place.
 C = Inter-level travel time spent in this place.
 D = Time resting spent in this place.
 E = Time spent auto-exploring this place.
 F = Levels seen in this place.
 G = Mean time per level.
                   A        B        C        D        E       F      G
               +--------+--------+--------+--------+--------+-----+--------+
         Total |   8128 |   7872 |    256 |    268 |   6189 |  11 |  738.9 |
       Dungeon |   7516 |   7260 |    256 |     71 |   5980 |   9 |  835.1 |
        Temple |     75 |     75 |      0 |     68 |      0 |   1 |   75.0 |
         Sewer |    536 |    536 |      0 |    129 |    209 |   1 |  536.0 |
               +--------+--------+--------+--------+--------+-----+--------+

Top non-repeatable levels by time:
     D:3: 1122 daAuts
     D:8: 1048 daAuts
     D:6: 1033 daAuts
     D:2: 937 daAuts
     D:7: 918 daAuts
     D:1: 917 daAuts
     D:5: 836 daAuts
     D:4: 601 daAuts
   Sewer: 536 daAuts
     D:9: 101 daAuts
  Temple: 75 daAuts
